 Dungeon Crawl Stone Soup version 0.28-a0-1334-g1c9ffb4daf (webtiles) character file.

Game seed: 12824869940441771771

602843 Peloso the Minotaur Barricade (level 26, -3/186 HPs)
             Began as a Minotaur Fighter on Dec 27, 2021.
             Was the Champion of Okawaru.
             Killed from afar by a wretched star (15 damage)
             ... with a lance of force
             ... on level 3 of the Abyss on Dec 28, 2021.
             The game lasted 04:05:54 (91646 turns).

Peloso the Minotaur Barricade (Minotaur Fighter)   Turns: 91646, Time: 04:05:55

Health: -3/186     AC: 36    Str: 36    XL:     26   Next: 1%
Magic:  0/25       EV: 11    Int:  4    God:    Okawaru [******]
Gold:   11296      SH: 25    Dex: 25    Spells: 25/25 levels left

rFire   + + .      SeeInvis +   a - +6 double sword of Income {vorpal, rN+ Dex+4}
rCold   + . .      Faith    +   c - +5 kite shield "Muadiese" {rC+ Will++ Str+3 Stlth-}
rNeg    + + +      Spirit   .   K - +8 orange crystal plate armour {Archmagi, Int+3 Clar}
rPois   +          Reflect  .   I - +2 hat of a Billion Bones {rN+ Str+4 SInv}
rElec   +          Harm     .   v - -1 cloak of Ben Suri {rElec rPois rC- Will+++}
rCorr   +          Rampage  .   p - +0 pair of gloves {infuse}
Will    +++++      Archmagi +   u - +1 pair of boots {Fly}
Stlth   .......... Clarity  +   D - amulet "Jahafo Vyagi" {Faith +Inv Regen+ Dex+5 Stlth-}
HPRegen 0.00/turn  Rnd*Tele +   z - ring "Ohow" {*Corrode rF++ rN+ Str+6}
MPRegen 0.19/turn               n - ring of Egomania {rN+ rCorr Dex+2 Slay+3}

@: weakened, corroded, sick, flying, inhibited regen, studying Stealth, unable
to read
A: horns 2, retaliatory headbutt, thin skeletal structure 1, cold resistance 1,
inability to read while threatened, MP-powered wands, noise suppression,
[berserk 3], [clumsy 2], [deformed body], [deterioration 2], [dopey 2], [frail
3], [low mp 2], [screaming 2], [inhibited regeneration], [teleportitis 2], weak
1[+1], [no potion heal 2]
}: 4/15 runes: barnacled, slimy, silver, gossamer
a: Renounce Religion, Evoke Invisibility, Heroism, Finesse, Duel


You were on level 3 of the Abyss.
You worshipped Okawaru.
Okawaru was exalted by your worship.
You visited 12 branches of the dungeon, and saw 53 of its levels.
You visited the Abyss 1 time.
You visited 1 bazaar.
You also visited: Bailey, Gauntlet and Desolation.

You collected 14133 gold pieces.
You spent 2837 gold pieces at shops.

Inventory:

Hand Weapons
 a - the +6 double sword of Income (weapon) {vorpal, rN+ Dex+4}
   (Okawaru gifted it to you on level 1 of the Lair of Beasts)

   It inflicts extra damage upon your enemies.
   Dex:       It affects your dexterity (+4).
   rN:        It protects you from negative energy.
 b - a +9 double sword of flaming
 q - a +2 double sword of holy wrath
Armour
 c - the +5 kite shield "Muadiese" (worn) {rC+ Will++ Str+3 Stlth-}
   (Okawaru gifted it to you on level 2 of the Spider Nest)

   Str:       It affects your strength (+3).
   rC:        It protects you from cold.
   Will:      It greatly increases your willpower.
   Stlth:     It makes you less stealthy.
 f - a +2 kite shield of reflection
 p - a +0 pair of gloves of infusion (worn)
 u - a +1 pair of boots of flying (worn)
 v - the -1 cloak of Ben Suri (worn) {rElec rPois rC- Will+++}
   (You found it on level 3 of the Spider Nest)

   rC:        It makes you vulnerable to cold.
   rElec:     It insulates you from electricity.
   rPois:     It protects you from poison.
   Will:      It greatly increases your willpower.
 I - the +2 hat of a Billion Bones (worn) {rN+ Str+4 SInv}
   (You found it in a Gauntlet)

   Str:       It affects your strength (+4).
   rN:        It protects you from negative energy.
   SInv:      It lets you see invisible.
 K - the +8 orange crystal plate armour (worn) {Archmagi, Int+3 Clar}
   (You acquired it on level 5 of the Pits of Slime)

   Int:       It affects your intelligence (+3).
   Clar:      It protects you against confusion.
Jewellery
 l - an amulet of regeneration
 n - the ring of Egomania (right hand) {rN+ rCorr Dex+2 Slay+3}
   (You found it on level 3 of the Crypt)

   [ring of positive energy]

   Dex:       It affects your dexterity (+2).
   Slay:      It affects your accuracy & damage with ranged weapons and melee
   (+3).
   rN:        It protects you from negative energy.
   rCorr:     It protects you from acid and corrosion.
 z - the ring "Ohow" (left hand) {*Corrode rF++ rN+ Str+6}
   (You found it on level 3 of the Crypt)

   [ring of positive energy]

   Str:       It affects your strength (+6).
   rF:        It greatly protects you from fire.
   rN:        It protects you from negative energy.
   *Corrode:  It may corrode you when you take damage.
 D - the amulet "Jahafo Vyagi" (around neck) {Faith +Inv Regen+ Dex+5 Stlth-}
   (You found it on level 2 of the Depths)

   [amulet of faith]

   It allows you to gain divine favour quickly.
   Dex:       It affects your dexterity (+5).
   +Inv:      It lets you turn invisible.
   Regen:     It increases your rate of health regeneration.
   Stlth:     It makes you less stealthy.
 E - a ring of resist corrosion
 Y - a +6 ring of strength
Wands
 G - a wand of digging (5)
 P - a wand of acid (4)
Scrolls
 h - 4 scrolls of fear
 i - 32 scrolls of identify
 j - 4 scrolls of magic mapping
 m - a scroll of summoning
 o - 2 scrolls of blinking
 r - 8 scrolls of noise
 t - 6 scrolls of immolation
 x - 14 scrolls of teleportation
Potions
 d - a potion of brilliance
 e - 24 potions of curing
 k - 6 potions of berserk rage
 w - 10 potions of heal wounds
 F - 3 potions of resistance
 S - 7 potions of haste
 X - 3 potions of might
Miscellaneous
 g - the horn of Geryon


   Skills:
 O Level 27 Fighting
 O Level 27 Long Blades
 O Level 27 Armour
 + Level 3.4 Dodging
 + Level 13.1 Stealth
 O Level 27 Shields
 + Level 14.1 Invocations
 + Level 5.7 Evocations


You had 25 spell levels left.
You didn't know any spells.
Your spell library contained the following spells:

 Spells                   Type           Power      Damage    Failure   Level
 Beastly Appendage        Tmut           0%         N/A       93%         1
 Foxfire                  Conj/Fire      0%         2x1d4     93%         1
 Freeze                   Ice            0%         1d3       93%         1
 Magic Dart               Conj           0%         1d3       93%         1
 Pain                     Necr           0%         1d4       93%         1
 Sandblast                Erth           0%         2d4       93%         1
 Shock                    Conj/Air       0%         1d3       93%         1
 Slow                     Hex            0%         N/A       93%         1
 Sting                    Tmut/Pois      0%         1d3       93%         1
 Blink                    Tloc           0%         N/A       98%         2
 Corpse Rot               Necr/Air       0%         N/A       98%         2
 Ensorcelled Hibernation  Hex/Ice        0%         N/A       98%         2
 Passwall                 Tmut/Erth      0%         N/A       98%         2
 Poisonous Vapours        Pois/Air       0%         N/A       98%         2
 Scorch                   Fire           0%         2d5       98%         2
 Searing Ray              Conj           0%         2d4       98%         2
 Static Discharge         Conj/Air       0%         N/A       98%         2
 Sublimation of Blood     Necr           0%         N/A       98%         2
 Wereblood                Tmut           0%         N/A       98%         2
 Confusing Touch          Hex            0%         N/A       100%        3
 Conjure Flame            Conj/Fire      0%         6-21      100%        3
 Dazzling Flash           Conj/Hex       0%         N/A       100%        3
 Frozen Ramparts          Ice            0%         1d2       100%        3
 Gell's Gravitas          Tloc           0%         N/A       100%        3
 Ignite Poison            Fire/Tmut/Pois 0%         N/A       100%        3
 Inner Flame              Hex/Fire       0%         N/A       100%        3
 Lesser Beckoning         Tloc           0%         N/A       100%        3
 Mephitic Cloud           Conj/Pois/Air  0%         N/A       100%        3
 Ozocubu's Armour         Ice            0%         N/A       100%        3
 Portal Projectile        Hex/Tloc       0%         N/A       100%        3
 Spider Form              Tmut/Pois      0%         N/A       100%        3
 Stone Arrow              Conj/Erth      0%         3d7       100%        3
 Swiftness                Air            0%         N/A       100%        3
 Teleport Other           Tloc           0%         N/A       100%        3
 Vampiric Draining        Necr           0%         2d6       100%        3
 Airstrike                Air            0%         N/A       100%        4
 Dispel Undead            Necr           0%         3d6       100%        4
 Flame Wave               Conj/Fire      0%         2d4       100%        4
 Fulminant Prism          Conj/Hex       0%         3d6       100%        4
 Hailstorm                Conj/Ice       0%         3d3       100%        4
 Ice Form                 Ice/Tmut       0%         N/A       100%        4
 Leda's Liquefaction      Hex/Erth       0%         N/A       100%        4
 Olgreb's Toxic Radiance  Pois           0%         N/A       100%        4
 Passage of Golubria      Tloc           0%         N/A       100%        4
 Petrify                  Tmut/Erth      0%         N/A       100%        4
 Sticky Flame             Conj/Fire      0%         2d3       100%        4
 Agony                    Necr           0%         N/A       100%        5
 Alistair's Intoxication  Tmut/Pois      0%         N/A       100%        5
 Blade Hands              Tmut           0%         N/A       100%        5
 Borgnjor's Vile Clutch   Necr/Erth      0%         N/A       100%        5
 Freezing Cloud           Conj/Ice/Air   0%         6-21      100%        5
 Irradiate                Conj/Tmut      0%         3d14      100%        5
 Lee's Rapid Deconstruct  Erth           0%         3d5*      100%        5
 Lightning Bolt           Conj/Air       0%         1d11      100%        5
 Manifold Assault         Tloc           0%         N/A       100%        5
 Metabolic Englaciation   Hex/Ice        0%         N/A       100%        5
 Silence                  Hex/Air        0%         N/A       100%        5
 Yara's Violent Unravell  Hex/Tmut       0%         3d3       100%        5
 Conjure Ball Lightning   Conj/Air       0%         3x3d6     100%        6
 Dispersal                Tloc           0%         N/A       100%        6
 Eringya's Noxious Bog    Tmut/Pois      0%         N/A       100%        6
 Iron Shot                Conj/Erth      0%         9d1       100%        6
 Statue Form              Tmut/Erth      0%         N/A       100%        6
 Enfeeble                 Hex            0%         N/A       100%        7
 Orb of Destruction       Conj           0%         N/A       100%        7
 Borgnjor's Revivificati  Necr           0%         N/A       100%        8
 Disjunction              Tloc           0%         N/A       100%        8
 Lehudib's Crystal Spear  Conj/Erth      0%         10d2      100%        8
 Maxwell's Capacitive Co  Air            0%         ∞         100%        8
 Necromutation            Tmut/Necr      0%         N/A       100%        8
 Polar Vortex             Ice            0%         N/A       100%        9
 Animate Skeleton         Necr           Unusable   N/A       N/A         1
 Call Imp                 Summ           Unusable   N/A       N/A         2
 Call Canine Familiar     Summ           Unusable   N/A       N/A         3
 Summon Guardian Golem    Hex/Summ       Unusable   N/A       N/A         3
 Tukima's Dance           Hex            Unusable   N/A       N/A         3
 Animate Dead             Necr           Unusable   N/A       N/A         4
 Summon Ice Beast         Ice/Summ       Unusable   N/A       N/A         4
 Summon Lightning Spire   Summ/Air       Unusable   N/A       N/A         4
 Death Channel            Necr           Unusable   N/A       N/A         6
 Simulacrum               Ice/Necr       Unusable   N/A       N/A         6
 Summon Cactus Giant      Summ           Unusable   N/A       N/A         6
 Infestation              Necr           Unusable   N/A       N/A         8

Dungeon Overview and Level Annotations

Branches:
Dungeon (15/15)            Temple (1/1) D:5            Lair (6/6) D:10
 Shoals (4/4) Lair:4       Spider (4/4) Lair:2        Slime (5/5) Lair:5
    Orc (2/2) D:12            Elf (3/3) Orc:2        Vaults (5/5) D:13
  Crypt (3/3) Vaults:2       Tomb (0/3) Crypt:3      Depths (4/4) D:15
   Hell (visited)             Zot (0/5) Depths:4     Bailey (visited)
Desolation (visited)      Gauntlet (visited)
    Dis: Hell:1         Geh: Hell:1         Coc: Hell:1         Tar: Hell:1

Altars:
Ashenzari
Cheibriados
Elyvilon
Fedhas
Hepliaklqana
Kikubaaqudgha
Makhleb
Nemelex Xobeh
Okawaru
Ru
Sif Muna
Trog
Uskayaw
Vehumet
Xom
Yredelemnul
Zin
Beogh
Jiyva
Lugonu

Shops:
D:10 [:   Orc:1 *(   Orc:2 :[!!   Elf:1 [   Elf:2 *   Elf:3 (   Vaults:1 (
Vaults:5 :   Depths:1 *((!

Portals:
Hell: Lair:6 Depths:1 Depths:2 Depths:3 Depths:4
Abyss: Depths:3
Pandemonium: Orc:2 Depths:1 Depths:2
Ziggurat: Depths:4
Trove: Vaults:3 (show abyssal rune of Zot)

Annotations:
D:10 Dragon Shop
Lair:3 Casa


Innate Abilities, Weirdness & Mutations

You have a pair of horns on your head.
You reflexively headbutt those who attack you in melee.
You have a somewhat thin skeletal structure. (Dex +2, Stealth+)
Your flesh is cold resistant. (rC+)
You sometimes lose the ability to read scrolls when taking damage.
You expend magic power (3 MP) to strengthen your wands.
You passively dampen the noise of your surroundings.
[You have an uncontrollable temper.]
[You are very clumsy. (Dex -4)]
[Armour fits poorly on your strangely shaped body.]
[Your body often deteriorates upon taking damage.]
[You are very dopey. (Int -4)]
[You are extremely frail. (-30% HP)]
[Your magical capacity is very low. (-20% MP)]
[You frequently scream uncontrollably at your foes.]
[You do not regenerate when monsters are visible.]
[You are sometimes teleported next to monsters.]
[You are very weak. (Str -4)]
[Potions cannot restore your health.]


Message History

The Hell Sentinel is heavily wounded.
The raiju bites you but does no damage. The Hell Sentinel barely misses you.
You furiously retaliate!
You headbutt the Hell Sentinel, but do no damage.
The Hell Sentinel hits you but does no damage.
The dread lich touches you but does no damage.
You block the orange demon's attack.
The wretched star glows turbulently.
The lance of force hits you!
* * * LOW HITPOINT WARNING * * *
You are knocked back by the lance of force.
You collide with the raiju!
The raiju dies!
The ancient zyme hits you!
* * * LOW HITPOINT WARNING * * *
You block the ancient zyme's attack.
The wretched star pulses with an eldritch light!
You feel the urge to shout.
You feel a strong urge to scream.
You hit the Hell Sentinel. You headbutt the Hell Sentinel!
The Hell Sentinel is heavily wounded.
The dread lich misses you. You furiously retaliate!
You headbutt the dread lich.
The Hell Sentinel hits you but does no damage.
You block the Hell Sentinel's attack. You block the orange demon's attack.
The wretched star pulses with an eldritch light!
You feel less energetic. x2
Unknown command.
You hit the Hell Sentinel.
The Hell Sentinel is heavily wounded.
The ancient zyme hits you but does no damage.
You block the ancient zyme's attack. You block the dread lich's attack.
Unknown command.
Okay, then.
You cut the Hell Sentinel into ribbons!!!
The Hell Sentinel is almost dead.
You block the Hell Sentinel's attack. x2; You block the dread lich's attack.
The orange demon barely misses you.
The wretched star glows turbulently.
The lance of force hits you!
You die...

# . .. h.. # . . #
#.#§##. ..# #..##†
##.##.# .
..#....#.#. ..
.#...#.#..#
#.##...#.§.#####.
..........≈..... .
............#.. ..
.......x@1......
........*L*4.....
.................
. ........$.≈..#.
.................#
................#
...............#
......#........


You could see a Hell Sentinel (summoned), a dread lich (fast, invisible), 2
wretched stars, an orange demon and an ancient zyme.

Vanquished Creatures
  the Royal Jelly (Slime:5)
  3 juggernauts
  Boris (thrice) (Vaults:2 Depths:3 Crypt:2)
  Xtahua (Vaults:4)
  The ghost of Bomoqippoa the Metallomancer, an adept GrEE of Vehumet (Vaults:1)
  A caustic shrike (Depths:2)
  Bai Suzhen (Shoals:4)
  The ghost of Pijoxzebb the Warrior, a veteran BaAK of Lugonu (Vaults:1)
  Geryon (Hell)
  Jory (Vaults:4)
  4 golden dragons
  A profane servitor (Crypt:3)
  2 bone dragons
  The ghost of Nigaic the Wrestler, a veteran VSFi of Gozag (Depths:1)
  3 liches
  4 tentacled monstrosities
  3 titans
  Jorgrun (Spider:2)
  3 deep elf blademasters
  A quicksilver dragon (Vaults:5)
  A walking frostbound tome (Depths:2)
  2 deep elf master archers (Elf:3)
  A walking divine tome (Depths:2)
  The ghost of Finguili the Stormcaller, an adept DgWn (Vaults:2)
  4 tentacled starspawn (Abyss:3)
  3 ancient champions
  25 acid blobs
  8 sphinxes
  Polyphemus (Shoals:2)
  Gastronok (D:8)
  Agnes (Spider:2)
  4 shadow dragons
  5 storm dragons
  10 azure jellies
  3 tengu reavers (Vaults:5)
  Roxanne (Spider:2)
  3 revenants
  Donald (Vaults:4)
  A draconian knight (Depths:4)
  14 rockslimes
  7 frost giants
  2 iron dragons
  The ghost of Plog the Eviscerator, an adept FeBe of Trog (Vaults:1)
  A draconian scorcher (Depths:4)
  30 vault wardens
  6 ghost moths
  4 fire giants
  5 deep elf sorcerers
  The ghost of Trumph21 the Fighter, a journeyman DsBe of Trog (Shoals:1)
  Aizul (Depths:1)
  7 emperor scorpions
  The ghost of Ruophafu the Carver, a journeyman DsFi of Okawaru (Spider:3)
  An orc warlord (Vaults:4)
  Louise (Spider:2)
  A war gargoyle (Vaults:5)
  14 ironbound preservers
  A curse skull (Crypt:2)
  2 deep elf elementalists (Elf:3)
  2 juggernaut zombies
  2 reapers (Hell)
  8 quicksilver oozes
  6 ghouls
  2 spriggan defenders (Depths:3)
  A broodmother (Spider:2)
  A draconian annihilator (Depths:4)
  A juggernaut skeleton (Crypt:1)
  16 very ugly things
  3 ironbound thunderhulks
  27 stone giants
  17 vampire knights
  4 black draconians (Depths:4)
  A yellow draconian (Depths:4)
  A red draconian (Depths:4)
  6 deep elf demonologists
  3 purple draconians (Depths:4)
  2 entropy weavers
  5 deep elf annihilators
  14 spark wasps
  3 white draconians (Depths:4)
  4 green draconians (Depths:4)
  4 halazid warlocks (Desolation)
  3 minotaurs
  6 dire elephants
  Nessos (D:15)
  6 eidola
  A blizzard demon (Hell)
  6 crystal guardians
  16 ettins
  3 merfolk javelineers
  13 deep elf death magi
  5 merfolk impalers
  Snorg (Lair:3)
  5 fire dragons
  10 yaktaur captains
  Josephine (D:10)
  A quicksilver dragon zombie (Crypt:2)
  29 jiangshi
  4 deep elf high priests
  11 great orbs of eyes
  4 ragged hierophants
  3 rakshasas (Depths:2)
  8 servants of whispers (Desolation)
  2 spriggan zombies (Crypt:1)
  4 spriggan air magi
  13 peacekeepers
  A demonspawn (Orc:2)
  40 vault guards
  15 hydras
  The ghost of Juupsuta the Thaumaturge, a journeyman DEFE of Vehumet (D:14)
  3 jorogumos
  2 ogre magi
  9 ice dragons
  Erica (D:9)
  10 death knights
  12 boulder beetles
  18 centaur warriors
  A catoblepas (Shoals:1)
  2 merfolk avatars
  A spriggan skeleton (Crypt:1)
  8 two-headed ogres
  A two-headed ogre (shapeshifter) (Vaults:5)
  2 radroaches
  7 ironbound frosthearts
  12 satyrs
  28 dancing weapons
  4 deep troll earth magi
  A merfolk aquamancer (Shoals:2)
  4 deep troll shamans
  14 death yaks
  7 thrashing horrors (Abyss:3)
  7 spriggan berserkers
  11 tengu warriors
  A hell hog (Hell)
  5 orc high priests (Orc:2)
  7 vampire magi
  16 deep elf knights
  4 sun demons
  Nergalle (Lair:1)
  4 soul eaters
  Urug (D:12)
  A spectral dire elephant (Crypt:3)
  A hell knight (Depths:4)
  3 pharaoh ants
  A sun moth (Spider:3)
  17 skeletal warriors
  3 sixfirhies (Gauntlet)
  3 large abominations
  2 wretched stars (Abyss:3)
  4 steelbarb worms
  56 deep trolls
  An iron troll (Depths:2)
  A salamander mystic (Depths:1)
  6 flayed ghosts
  5 shadow wraiths
  An orb spider (shapeshifter) (Depths:4)
  5 sea snakes
  A deep troll (shapeshifter) (Vaults:5)
  7 deep elf archers
  5 glowing orange brains
  3 bog bodies
  13 wizards
  A glowing orange brain (shapeshifter) (Depths:4)
  A spriggan simulacrum (Crypt:3)
  14 orb spiders
  A swamp dragon (shapeshifter) (Vaults:1)
  13 ironbound convokers
  16 harpies
  2 shadow dragon zombies (Crypt:1)
  3 bunyip skeletons (Crypt:1)
  36 deep elf pyromancers
  An obsidian statue (Gauntlet)
  7 lindwurms
  11 orc knights
  10 phantasmal warriors
  27 deep elf zephyrmancers
  An anaconda skeleton (Crypt:1)
  23 wolf spiders
  8 necromancers
  13 manticores
  46 ugly things
  8 orc sorcerers
  5 moths of wrath
  A fire giant zombie (Vaults:4)
  20 fauns
  An iron dragon skeleton (Crypt:2)
  4 salamanders
  17 elephants
  13 cyclopes
  A naga zombie (Crypt:1)
  6 shining eyes
  4 rust devils
  28 vault sentinels
  4 guardian serpents (Desolation)
  A guardian serpent (shapeshifter) (D:15)
  A jorogumo skeleton (Crypt:2)
  An apocalypse crab (Abyss:3)
  A black mamba (shapeshifter) (D:15)
  A shock serpent skeleton (Crypt:1)
  5 torpor snails
  4 smoke demons
  2 black mambas (Lair:6)
  2 human skeletons (Vaults:3)
  8 merfolk sirens
  2 molten gargoyles (Desolation)
  7 water nymphs
  A yaktaur zombie (Vaults:2)
  An eye of devastation (Slime:5)
  2 orange demons (Lair:6)
  An orb spider zombie (Crypt:1)
  19 cane toads
  A rime drake (shapeshifter) (Vaults:5)
  4 rime drakes
  12 komodo dragons
  2 kobold demonologists (D:10)
  6 demonic crawlers
  2 efreet
  32 yaktaurs
  A dire elephant skeleton (Crypt:1)
  An elf skeleton (Vaults:4)
  13 freezing wraiths
  2 tengu conjurers
  A red draconian skeleton (Crypt:2)
  An iron troll zombie (Crypt:1)
  3 red devils (Lair:6)
  An ancient zyme (Abyss:3)
  A guardian mummy (Vaults:3)
  3 harpy zombies (Crypt:1)
  2 ice devils
  2 polar bears
  6 hornets
  2 meliai (shapeshifter)
  5 trolls
  24 merfolk
  23 tarantellas
  A shadow dragon simulacrum (Crypt:3)
  9 raiju (Abyss:3)
  An ice dragon zombie (Crypt:1)
  4 tyrant leeches (Spider:2)
  7 blink frogs
  13 meliai
  45 saltlings
  5 wind drakes
  3 harpy skeletons (Crypt:1)
  65 slime creatures
  10 snapping turtles
  An ettin zombie (Vaults:3)
  A dream sheep (shapeshifter) (Vaults:2)
  A jumping spider zombie (Crypt:1)
  8 dream sheep
  3 black mamba zombies (Crypt:1)
  2 human simulacra
  2 meliai zombies (D:11)
  A fire dragon zombie (Crypt:1)
  A stone giant simulacrum (Vaults:2)
  56 flying skulls
  31 jumping spiders
  A satyr skeleton (Crypt:1)
  3 fire elementals
  2 elf zombies
  4 air elementals
  5 shadows
  A wyvern (shapeshifter) (D:15)
  3 vampires
  26 water elementals
  2 wyverns
  2 ynoxinuls (Abyss:3)
  12 culicivoras
  5 basilisks
  11 wraiths
  38 yaks
  7 humans (D:13)
  10 golden eyes
  A black mamba skeleton (Crypt:1)
  A chaos spawn (Orc:2)
  2 wargs
  36 redbacks
  A yaktaur simulacrum (Vaults:1)
  A steam dragon (Lair:4)
  12 vampire mosquitoes
  3 neqoxecs (Abyss:3)
  7 hydra simulacra (Depths:3)
  19 water moccasins
  3 acid dragons
  4 hell hounds (Lair:6)
  A naga skeleton (Crypt:1)
  2 sky beasts (D:5)
  2 floating eyes
  12 ice beasts
  An ice beast (shapeshifter) (Vaults:5)
  An ettin simulacrum (Crypt:1)
  A fire dragon simulacrum (Crypt:1)
  37 orc warriors
  The ghost of ChaosChampion the Skirmisher, an amateur HOFi (D:3)
  3 black bears
  8 necrophages
  2 ogres
  18 centaurs
  A lindwurm zombie (Crypt:1)
  21 wolves
  A boggart (D:15)
  An elf simulacrum (Vaults:1)
  A phantom (D:6)
  An octopode zombie (Crypt:2)
  5 small abominations
  10 kobold brigands
  2 human zombies
  2 scorpions (Lair:2)
  17 bullfrogs
  A palentonga skeleton (Crypt:1)
  2 gnoll sergeants
  3 earth elementals
  2 wyvern zombies
  A salamander skeleton (Crypt:2)
  2 water moccasin skeletons
  11 killer bees
  8 jellies
  7 electric eels (D:11)
  9 howler monkeys
  A quasit (Abyss:3)
  5 centaur zombies
  4 hounds
  Crazy Yiuf (D:2)
  29 orc priests
  A gnoll shaman (D:7)
  3 centaur skeletons
  An iguana (D:7)
  An iron imp (Abyss:3)
  A bullfrog skeleton (D:5)
  Terence (D:2)
  20 orc wizards
  2 killer bee zombies
  A dwarf zombie (Crypt:2)
  A felid zombie (Crypt:1)
  A felid skeleton (Crypt:1)
  A hound skeleton (D:4)
  Robin (D:2)
  11 gnolls
  7 adders
  A shadow imp (D:7)
  3 white imps
  2 ufetubi
  4 worms
  5 dart slugs
  75 orcs
  10 endoplasms
  8 giant cockroaches
  15 goblins (D:2)
  9 hobgoblins
  4 jackals (D:3)
  4 quokkas
  8 ball pythons
  8 bats
  5 frilled lizards
  A jackal skeleton (Crypt:2)
  22 kobolds
  10 rats
  A rat zombie (Crypt:2)
  A bush (Lair:3)
  2 starspawn tentacles (Abyss:3)
2437 creatures vanquished.

Vanquished Creatures (others)
  Asterion (Depths:1)
  A fire giant (Vaults:5)
  2 pharaoh ants (Spider:3)
  A wizard (Vaults:2)
  A merfolk (Shoals:3)
  A tarantella (Spider:3)
  A raiju (Abyss:3)
  A jumping spider (Spider:3)
  A human (D:13)
  A small abomination (Abyss:3)
  31 fungi
  2 lurking horrors (Abyss:3)
  92 plants
  21 starspawn tentacles (Abyss:3)
  3 toadstools (D:1)
  6 withered plants
166 creatures vanquished.

Grand Total: 2603 creatures vanquished

Notes
Turn   | Place    | Note
-------+----------+-------------------------------------------
     0 | D:1      | Peloso the Minotaur Fighter began the quest for the Orb.
     0 | D:1      | Reached XP level 1. HP: 19/19 MP: 0/0
   190 | D:1      | Reached XP level 2. HP: 26/27 MP: 1/1
   629 | D:1      | Found a faded altar of an unknown god.
  1020 | D:2      | Reached XP level 3. HP: 11/33 MP: 2/2
  1558 | D:2      | Found a shimmering altar of Xom.
  1574 | D:2      | Noticed Terence
  1587 | D:2      | Killed Terence
  1588 | D:2      | Reached XP level 4. HP: 19/41 MP: 3/3
  1885 | D:2      | Noticed Robin
  1922 | D:2      | Killed Robin
  2476 | D:2      | Found a runed translucent door.
  2477 | D:2      | Noticed Crazy Yiuf
  2717 | D:3      | Reached XP level 5. HP: 47/47 MP: 4/4
  2871 | D:3      | Found a broken altar of Ashenzari.
  2931 | D:3      | Found a runed translucent door.
  2935 | D:3      | Noticed ChaosChampion's ghost (amateur HOFi)
  3537 | D:4      | Reached skill level 5 in Long Blades
  3689 | D:4      | Reached skill level 5 in Armour
  3689 | D:4      | Reached XP level 6. HP: 51/53 MP: 5/5
  3696 | D:4      | Found a large runed translucent door.
  3697 | D:4      | Found a large runed translucent door.
  3778 | D:4      | Reached skill level 1 in Dodging
  3818 | D:4      | Reached skill level 5 in Fighting
  4154 | D:5      | Entered Level 5 of the Dungeon
  4167 | D:5      | Reached XP level 7. HP: 44/61 MP: 6/6
  4271 | D:5      | Found a hide-covered altar of Uskayaw.
  4284 | D:5      | Found a white marble altar of Elyvilon.
  4333 | D:5      | Identified the +2 leather armour of Mirth {rElec SInv}
  5133 | D:5      | Reached XP level 8. HP: 70/70 MP: 7/7
  5301 | D:5      | Found a staircase to the Ecumenical Temple.
  5690 | Temple   | Entered the Ecumenical Temple
  5777 | Temple   | Became a worshipper of Warmaster Okawaru
  6363 | D:6      | Reached skill level 5 in Shields
  7186 | D:7      | Reached skill level 1 in Stealth
  7446 | D:7      | Reached * piety under Okawaru
  7735 | D:7      | Found a burning altar of Makhleb.
  7791 | D:7      | Reached XP level 9. HP: 78/78 MP: 8/8
  8622 | D:8      | Noticed Gastronok
  8762 | D:2      | Killed Crazy Yiuf
  8974 | D:3      | Killed ChaosChampion's ghost
  9057 | D:4      | Found a radiant altar of Vehumet.
  9067 | D:4      | Found a shimmering blue altar of Sif Muna.
  9450 | D:8      | Reached skill level 10 in Long Blades
  9553 | D:9      | Found a glowing silver altar of Zin.
  9602 | D:9      | Reached ** piety under Okawaru
  9710 | D:9      | Noticed Erica
  9725 | D:9      | Killed Erica
 10152 | D:9      | Reached skill level 1 in Evocations
 10451 | D:9      | Reached XP level 10. HP: 88/88 MP: 9/9
 10580 | D:10     | Entered Level 10 of the Dungeon
 10580 | D:10     | Found Itiuk's Self-Improvement Boutique.
 10591 | D:10     | Found a flagged portal.
 10639 | Bailey   | Entered a bailey
 10804 | Bailey   | Identified the +3 halberd of Feptom {vorpal, *Slow rPois
                  | rN+ rCorr}
 10855 | Bailey   | Noticed an orc knight
 10888 | Bailey   | Killed an orc knight
 10888 | Bailey   | Reached *** piety under Okawaru
 11072 | Bailey   | Found a bloodstained altar of Trog.
 11438 | D:10     | Noticed Josephine
 11453 | D:10     | Killed Josephine
 11454 | D:10     | Reached skill level 10 in Armour
 11473 | D:10     | Reached **** piety under Okawaru
 11914 | D:10     | Reached XP level 11. HP: 97/97 MP: 10/10
 11926 | D:10     | Reached skill level 1 in Invocations
 12064 | D:10     | Found Rostam's Dragon-Slaying Spoils.
 12074 | D:10     | Bought +0 gold dragon scales for 1360 gold pieces
 12391 | D:10     | Found a staircase to the Lair.
 12783 | D:8      | Killed Gastronok
 12783 | D:8      | Reached ***** piety under Okawaru
 12783 | D:8      | Received a gift from Okawaru
 13204 | Lair:1   | Entered Level 1 of the Lair of Beasts
 13244 | Lair:1   | Noticed a four-headed hydra
 13256 | Lair:1   | Killed a one-headed hydra
 13330 | Lair:1   | Identified the +6 double sword of Income {vorpal, rN+
                  | Dex+4} (Okawaru gifted it to you on level 1 of the Lair of
                  | Beasts)
 13330 | Lair:1   | Received a gift from Okawaru
 13336 | Lair:1   | Reached skill level 10 in Fighting
 13456 | Lair:1   | Noticed Nergalle
 13461 | Lair:1   | Killed Nergalle
 14275 | Lair:1   | Received a gift from Okawaru
 14425 | Lair:1   | Reached XP level 12. HP: 106/108 MP: 12/12
 14440 | Lair:1   | Reached skill level 15 in Long Blades
 14745 | Lair:2   | Found a hole to the Spider Nest.
 14814 | Lair:2   | Noticed a boulder beetle
 14838 | Lair:2   | Killed a boulder beetle
 14878 | Lair:2   | Received a gift from Okawaru
 14949 | Lair:2   | Noticed a four-headed hydra
 14959 | Lair:2   | Killed a two-headed hydra
 15125 | Lair:2   | Noticed a six-headed hydra
 15132 | Lair:2   | Killed a four-headed hydra
 15376 | Lair:2   | Reached skill level 10 in Shields
 15446 | Lair:2   | Found an ancient bone altar of Kikubaaqudgha.
 16070 | Lair:3   | Received a gift from Okawaru
 16281 | Lair:3   | Noticed an eight-headed hydra
 16291 | Lair:3   | Killed a five-headed hydra
 16499 | Lair:3   | Noticed a death yak
 16499 | Lair:3   | Noticed a death yak
 16503 | Lair:3   | Noticed a death yak
 16506 | Lair:3   | Noticed a death yak
 16507 | Lair:3   | Noticed a death yak
 16508 | Lair:3   | Noticed a death yak
 16509 | Lair:3   | Killed a death yak
 16510 | Lair:3   | Reached XP level 13. HP: 108/118 MP: 13/13
 16537 | Lair:3   | Received a gift from Okawaru
 16844 | Lair:3   | Noticed Snorg
 16850 | Lair:3   | Killed Snorg
 17213 | Lair:4   | Found a sparkling altar of Nemelex Xobeh.
 17230 | Lair:4   | Reached ****** piety under Okawaru
 17788 | Lair:4   | Found a staircase to the Shoals.
 18599 | D:11     | HP: 4/122 [death knight (13)]
 18614 | D:11     | HP: 6/122 [two-headed ogre (8)]
 18628 | D:12     | Noticed Urug
 18631 | D:12     | HP: 3/122 [Urug/javelin (8)]
 19074 | D:12     | Received a gift from Okawaru
 19211 | D:12     | Killed Urug
 19283 | D:12     | Found a staircase to the Orcish Mines.
 19908 | D:11     | Noticed a frost giant
 19928 | D:12     | Killed a frost giant
 19929 | D:12     | Reached XP level 14. HP: 50/132 MP: 14/14
 20457 | D:11     | Received a gift from Okawaru
 21586 | Orc:1    | Entered Level 1 of the Orcish Mines
 21613 | Orc:1    | Found Waciahun's General Store.
 21641 | Orc:1    | Found Ininecs's Antique Weapon Shoppe.
 22119 | Orc:1    | Paralysed by an orc sorcerer for 6 turns
 22712 | Orc:1    | Bought a scroll of enchant armour for 82 gold pieces
 22720 | Orc:2    | Entered Level 2 of the Orcish Mines
 23325 | Orc:2    | Found a staircase to the Elven Halls.
 23573 | Orc:2    | Found Xoidaix's Distillery.
 23624 | Orc:2    | Found Eloesiv's Distillery.
 23661 | Orc:2    | Bought a potion of mutation for 104 gold pieces
 23661 | Orc:2    | Bought a potion of berserk rage for 65 gold pieces
 23693 | Orc:2    | Bought a potion of lignification for 33 gold pieces
 23804 | Orc:2    | Reached skill level 15 in Fighting
 24237 | Orc:2    | Received a gift from Okawaru
 24238 | Orc:2    | Reached skill level 15 in Armour
 24259 | Orc:2    | Paralysed by an orc sorcerer for 3 turns
 24656 | Orc:2    | Paralysed by an orc sorcerer for 3 turns
 24661 | Orc:2    | Paralysed by an orc sorcerer for 7 turns
 24815 | Orc:2    | Found Tanysch's Antique Armour Emporium.
 24815 | Orc:2    | Found Hihoulun's Book Shoppe.
 24816 | Orc:2    | Found a one-way gate leading to the halls of Pandemonium.
 24818 | Orc:2    | Bought a distressingly furry chain mail for 285 gold pieces
 24818 | Orc:2    | Identified the +1 chain mail "Cumar" {Dex+4} (You bought it
                  | in a shop on level 2 of the Orcish Mines)
 25586 | D:13     | Received a gift from Okawaru
 25586 | D:13     | Found the +8 trident of the Octopus King {venom, rElec
                  | rPois Will+}
 25781 | D:13     | Found a gate to the Vaults.
 26484 | Lair:5   | Found a runed translucent door.
 26683 | Lair:5   | Reached XP level 15. HP: 143/143 MP: 15/15
 26797 | Lair:5   | Identified the +11 falchion "Evai" {freeze, Drain rCorr
                  | Str+4 Int+7} (Okawaru gifted it to you on level 5 of the
                  | Lair of Beasts)
 26797 | Lair:5   | Received a gift from Okawaru
 26864 | Lair:5   | Found a viscous altar of Jiyva.
 26865 | Lair:5   | Found a staircase to the Slime Pits.
 26865 | Lair:5   | Noticed an acid blob
 27434 | Lair:6   | Entered Level 6 of the Lair of Beasts
 27500 | Lair:6   | Found a gate leading to a gauntlet.
 27510 | Gauntlet | Entered a Gauntlet
 27510 | Gauntlet | Found a transporter.
 27513 | Gauntlet | Found a transporter.
 27517 | Gauntlet | Found a transporter.
 27519 | Gauntlet | Found a transporter.
 27520 | Gauntlet | Found a transporter.
 27521 | Gauntlet | Found a transporter.
 27533 | Gauntlet | Found a transporter.
 27535 | Gauntlet | Found a transporter.
 27552 | Gauntlet | Found a transporter.
 27570 | Gauntlet | Found a transporter.
 27574 | Gauntlet | Found a transporter.
 27582 | Gauntlet | Found a transporter.
 27735 | Gauntlet | Identified the +2 hat of a Billion Bones {rN+ Str+4 SInv}
 27784 | Gauntlet | Identified the +0 pair of boots of Happiness {Int+4 Dex+2}
 27788 | Gauntlet | Got the Volume of Hexes
 27854 | Lair:6   | Received a gift from Okawaru
 28157 | Lair:3   | Upgraded the game from 0.28-a0-1292-gb4563b27b3 to
                  | 0.28-a0-1334-g1c9ffb4daf
 28546 | Lair:6   | Reached skill level 15 in Shields
 28595 | Lair:6   | Found a burning altar of Makhleb.
 28647 | Lair:6   | Found a gateway to Hell.
 29580 | Lair:6   | Received a gift from Okawaru
 29953 | Lair:6   | Identified the +3 arbalest "Suer" {vorpal, Contam rElec
                  | MP+9}
 30295 | D:14     | Found a flickering gateway to a bazaar.
 30304 | Bazaar   | Entered a bazaar
 30306 | Bazaar   | Found Wosor's General Store.
 30310 | Bazaar   | Found Muehaiph's Antique Armour Boutique.
 30310 | Bazaar   | Found Baogh's Antique Armour Boutique.
 30310 | Bazaar   | Found Moypsotwisa's Distillery.
 30354 | Bazaar   | Bought a potion of degeneration for 17 gold pieces
 30372 | Bazaar   | Bought a masterwork buckler for 361 gold pieces
 30372 | Bazaar   | Identified the +0 buckler of Qazlal's Delight {Rampage
                  | rElec rF- Int+7} (You bought it in a shop in a bazaar)
 30407 | Bazaar   | Bought a potion of haste for 170 gold pieces
 30407 | Bazaar   | Bought a potion of brilliance for 68 gold pieces
 30591 | D:14     | Found a runed translucent gate.
 31088 | D:14     | Found a runed translucent gate.
 31088 | D:14     | Found a runed translucent gate.
 31092 | D:14     | Noticed Juupsuta's ghost (journeyman DEFE)
 31209 | D:15     | Entered Level 15 of the Dungeon
 31223 | D:15     | Identified the +1 chain mail of Duty {Regen+} (Okawaru
                  | gifted it to you on level 15 of the Dungeon)
 31223 | D:15     | Received a gift from Okawaru
 31458 | D:15     | Noticed Nessos
 31473 | D:15     | Killed Nessos
 31840 | D:15     | Reached XP level 16. HP: 148/154 MP: 16/16
 31970 | D:15     | Found a staircase to the Depths.
 32591 | D:15     | Identified 3 scrolls of acquirement
 32595 | D:15     | Acquired 1087 gold pieces
 32597 | D:15     | Acquired 893 gold pieces
 32930 | Shoals:1 | Entered Level 1 of the Shoals
 33105 | Shoals:1 | Identified the +1 pair of boots of the Ladybird {rPois}
                  | (Okawaru gifted it to you on level 1 of the Shoals)
 33105 | Shoals:1 | Received a gift from Okawaru
 33285 | Shoals:1 | Noticed Trumph21's ghost (journeyman DsBe)
 33599 | Shoals:1 | Found a runed translucent door.
 34411 | Shoals:1 | Killed Trumph21's ghost
 34829 | Elf:1    | Entered Level 1 of the Elven Halls
 35671 | Elf:1    | Paralysed by an air elemental for 1 turns
 35676 | Elf:1    | Paralysed by an air elemental for 1 turns
 35702 | Elf:1    | Received a gift from Okawaru
 35732 | Elf:1    | Identified the +1 ring mail of Ijeixtiul {*Corrode Dex+8
                  | Stlth+} (Okawaru gifted it to you on level 1 of the Elven
                  | Halls)
 35732 | Elf:1    | Received a gift from Okawaru
 36093 | Elf:1    | Found Vudut's Antique Armour Shop.
 36103 | Elf:1    | Bought a smoking chain mail for 256 gold pieces
 36103 | Elf:1    | Identified the +1 chain mail of Vehumet's Approval {rF+
                  | Str+7 Dex-4} (You bought it in a shop on level 1 of the
                  | Elven Halls)
 37518 | Elf:2    | Found a runed translucent gate.
 37519 | Elf:2    | Found a runed translucent gate.
 37581 | Elf:2    | Found a runed translucent gate.
 37626 | Elf:2    | Found Qicaqog's General Store.
 37646 | Elf:2    | Reached XP level 17. HP: 151/163 MP: 10/17
 37690 | Elf:2    | Bought a scroll of identify for 36 gold pieces
 37727 | Elf:2    | Paralysed by an air elemental for 1 turns
 38118 | Elf:3    | Entered Level 3 of the Elven Halls
 38629 | Elf:3    | Found Eblaweny's Antique Weapon Emporium.
 38639 | Elf:3    | Paralysed by an air elemental for 1 turns
 39218 | Elf:3    | Received a gift from Okawaru
 39735 | Elf:3    | Identified the +3 dire flail of Lipnehas {vorpal, Str+2}
 39735 | Elf:3    | Identified the ring "Leatoe" {rF- rCorr Int+4 SInv}
 39958 | Elf:3    | Noticed a deep elf blademaster
 39978 | Elf:3    | Killed a deep elf blademaster
 40448 | Elf:3    | Identified the +1 ring mail of Gickowumm {rN++ Will++}
                  | (Okawaru gifted it to you on level 3 of the Elven Halls)
 40448 | Elf:3    | Received a gift from Okawaru
 41218 | Elf:3    | Noticed an Ice Fiend
 41672 | Elf:3    | Identified the +11 dire flail "Jeefent" {flame, Fly rC-
                  | MP+9 Dex+6}
 41672 | Elf:3    | Found the ring of the Octopus King {Fly AC+1 EV+1 Str+1
                  | Int+1 Dex+1}
 41675 | Elf:3    | Identified the +10 rapier "Wastrol" {holy, Fly Str+4 Dex+2}
 41677 | Elf:3    | Identified the ring of Nagam {Will+ Dex+4}
 41677 | Elf:3    | Noticed a deep elf master archer
 41695 | Elf:3    | Killed a deep elf master archer
 41878 | Elf:3    | Noticed a Hell Sentinel
 42369 | Elf:3    | Identified the +6 shortbow of Qazlal's Generosity {freeze,
                  | Fly SInv}
 42408 | Elf:3    | Noticed a deep elf blademaster
 42411 | Elf:3    | Noticed a deep elf master archer
 42424 | Elf:3    | Killed a deep elf blademaster
 42424 | Elf:3    | Received a gift from Okawaru
 42448 | Elf:3    | Killed a deep elf master archer
 42577 | Elf:3    | Got the Almanac of Confrontation
 42597 | Elf:3    | Identified the +8 quarterstaff "Kuheim" {flame, *Slow
                  | +Blink Dex+10}
 43177 | Shoals:2 | Noticed Polyphemus
 44104 | Shoals:2 | Killed Polyphemus
 45892 | Shoals:3 | Reached XP level 18. HP: 172/174 MP: 14/18
 47351 | Shoals:3 | Received a gift from Okawaru
 47881 | Shoals:4 | Entered Level 4 of the Shoals
 48357 | Shoals:4 | Got a barnacled rune of Zot
 48514 | Shoals:4 | Received a gift from Okawaru
 48558 | Shoals:4 | Noticed Bai Suzhen
 48615 | Shoals:4 | Killed Bai Suzhen
 48949 | Shoals:4 | Identified the +3 leather armour "Paar" {rC+ Will+}
 48988 | Shoals:4 | Identified the +2 pair of boots "Zisies" {rPois rN+ Str-3}
                  | (Okawaru gifted it to you on level 4 of the Shoals)
 48988 | Shoals:4 | Received a gift from Okawaru
 49610 | Shoals:4 | Identified the ring of the Tick {Ice Dex+2 Stlth+}
 50117 | Spider:1 | Entered Level 1 of the Spider Nest
 51577 | Spider:2 | Noticed Louise
 51607 | Spider:2 | Killed Louise
 51798 | Spider:2 | Identified Roxanne's Compendium of Changing
 51798 | Spider:2 | Noticed Roxanne
 51814 | Spider:2 | Killed Roxanne
 52091 | Spider:2 | Noticed Jorgrun
 52111 | Spider:2 | Killed Jorgrun
 52111 | Spider:2 | Identified the +5 kite shield "Muadiese" {rC+ Will++ Str+3
                  | Stlth-} (Okawaru gifted it to you on level 2 of the Spider
                  | Nest)
 52111 | Spider:2 | Received a gift from Okawaru
 52119 | Spider:2 | Noticed Agnes
 52123 | Spider:2 | Reached XP level 19. HP: 146/184 MP: 3/20
 52129 | Spider:2 | Killed Agnes
 52578 | Spider:2 | Found the +3 hat of Pondering {ponderous, Will+ MP+10
                  | Int+5}
 53350 | Spider:3 | Found a runed translucent gate.
 53350 | Spider:3 | Found a runed translucent gate.
 53351 | Spider:3 | Found a runed translucent gate.
 53353 | Spider:3 | Noticed Ruophafu's ghost (journeyman DsFi)
 53634 | Spider:3 | Killed Ruophafu's ghost
 53856 | Spider:3 | Identified the -1 cloak of Ben Suri {rElec rPois rC-
                  | Will+++}
 54371 | D:14     | Killed Juupsuta's ghost
 54704 | Spider:4 | Entered Level 4 of the Spider Nest
 54849 | Spider:4 | Received a gift from Okawaru
 56257 | Spider:4 | Received a gift from Okawaru
 56418 | Spider:4 | Got a gossamer rune of Zot
 56933 | Vaults:1 | Entered Level 1 of the Vaults
 58404 | Vaults:1 | Found a runed translucent gate.
 58404 | Vaults:1 | Found a runed translucent gate.
 58404 | Vaults:1 | Found a runed translucent gate.
 58405 | Vaults:1 | Noticed Pijoxzebb's ghost (veteran BaAK)
 58405 | Vaults:1 | Noticed Plog's ghost (adept FeBe)
 58405 | Vaults:1 | Noticed Bomoqippoa's ghost (adept GrEE)
 58610 | Vaults:1 | Found Kofing's Antique Weapon Emporium.
 58649 | Vaults:1 | Reached XP level 20. HP: 135/198 MP: 14/21
 58964 | Vaults:1 | Received a gift from Okawaru
 59738 | Vaults:2 | Found a staircase to the Crypt.
 59738 | Vaults:2 | Found a basalt altar of Yredelemnul.
 59738 | Vaults:2 | Found an ancient bone altar of Kikubaaqudgha.
 60031 | Vaults:2 | Noticed Boris
 60110 | Vaults:2 | Killed Boris
 60110 | Vaults:2 | Identified the +3 tower shield of Futhall {rF+} (Okawaru
                  | gifted it to you on level 2 of the Vaults)
 60110 | Vaults:2 | Received a gift from Okawaru
 60956 | Vaults:2 | Found a transporter.
 60956 | Vaults:2 | Found a transporter.
 60959 | Vaults:2 | Found a bloodstained altar of Trog.
 60969 | Vaults:2 | Noticed Finguili's ghost (adept DgWn)
 61613 | Vaults:2 | Killed Finguili's ghost
 62186 | Vaults:2 | Acquired 928 gold pieces
 62187 | Vaults:2 | Acquired 1050 gold pieces
 62301 | Vaults:3 | Received a gift from Okawaru
 62348 | Vaults:3 | Found a crumbling gateway.
 62366 | Desolati | Entered the Desolation of Salt
 62700 | Desolati | Identified the +12 long sword "Goblinbane" {vorpal, Fragile
                  | rF+ Will+ rCorr}
 62942 | Desolati | Found the +4 robe of Folly {Brilliance Will-∞ Int+8}
 62972 | Desolati | Got the Tome of Snow and Confrontation
 63040 | Desolati | Received a gift from Okawaru
 63250 | Desolati | Reached XP level 21. HP: 198/207 MP: 14/22
 63352 | Desolati | Got the Catalogue of Aerial Black Magic
 63353 | Desolati | Identified the ring "Gedar" {rF- rCorr Int+5}
 63360 | Desolati | Got the Papyrus of Black Arts and Venom
 63362 | Desolati | Got the Reference Book on Moulding
 63539 | Desolati | Identified the +1 ring mail of the Countless Dances {Will-
                  | Slay+6 SInv Stlth+}
 63554 | Desolati | Identified the +2 leather armour of the Game of Life {rC+
                  | rCorr Dex+5}
 63566 | Desolati | Identified the +2 spear of Fossop {elec, rPois MP+9 Str+4}
 63630 | Desolati | Identified the +5 spear of Bankruptcy {venom, +Blink rN+
                  | Str+4 Int-2}
 64490 | Vaults:3 | Identified the +3 kite shield "Raaclemi" {Int+2} (Okawaru
                  | gifted it to you on level 3 of the Vaults)
 64490 | Vaults:3 | Received a gift from Okawaru
 64609 | Vaults:3 | Found a portal to a secret trove of treasure.
 66101 | Vaults:4 | Noticed Jory
 66116 | Vaults:4 | Killed Jory
 66632 | Vaults:4 | Identified the -4 pair of boots of the Morning Star {rElec}
                  | (Okawaru gifted it to you on level 4 of the Vaults)
 66632 | Vaults:4 | Received a gift from Okawaru
 66881 | Vaults:4 | Noticed Xtahua
 66893 | Vaults:4 | Killed Xtahua
 67691 | Vaults:4 | Noticed Donald
 67696 | Vaults:4 | Killed Donald
 68111 | Vaults:4 | Reached XP level 22. HP: 220/220 MP: 21/23
 68150 | Vaults:4 | Reached skill level 27 in Shields
 68283 | Vaults:5 | Entered Level 5 of the Vaults
 68292 | Vaults:5 | Received a gift from Okawaru
 69412 | Vaults:5 | Received a gift from Okawaru
 70615 | Vaults:5 | Got Tugycu Jeaxt's Incunabulum of Feathers and
                  | Confrontation
 71931 | Vaults:5 | Identified the +6 hunting sling of Doomed Innocence
                  | {vorpal, Contam rC+++ rCorr MP+9}
 72091 | Vaults:5 | Identified the +5 scale mail "Teitoerph" {-Tele rPois Int+9
                  | Dex-2} (Okawaru gifted it to you on level 5 of the Vaults)
 72091 | Vaults:5 | Received a gift from Okawaru
 72104 | Vaults:5 | Found Toxkes's Book Emporium.
 72130 | Vaults:5 | Got the Catalogue of Stones
 72371 | Vaults:5 | Got Sif Muna's Arcane Arts, Part Six
 72719 | Vaults:5 | Identified the +1 chain mail of Music {Regen+ Dex+4}
 72764 | Vaults:5 | Got the Incunabulum of the Floating Frostbite
 72855 | Vaults:5 | Got a silver rune of Zot
 73173 | Depths:1 | Entered Level 1 of the Depths
 73173 | Depths:1 | Found Sefeex's Weapon Boutique.
 73352 | Depths:1 | Reached XP level 23. HP: 140/232 MP: 8/24
 73643 | Depths:1 | Found a runed translucent door.
 73662 | Depths:1 | Noticed Nigaic's ghost (veteran VSFi)
 73674 | Depths:1 | Killed Nigaic's ghost
 73704 | Depths:1 | Got the Handbook of Clay
 73824 | Depths:1 | Noticed Aizul
 73831 | Depths:1 | Noticed Asterion
 73839 | Depths:1 | Killed Aizul
 73851 | Depths:1 | Killed Asterion
 74271 | Depths:1 | Found an ancient bone altar of Kikubaaqudgha.
 74323 | Depths:1 | Found Moocem's Distillery.
 74525 | Depths:1 | Found Donups's Weapon Emporium.
 74565 | Depths:1 | Found Baine's General Store.
 75069 | Depths:2 | Identified the +5 great sword of Resourcefulness {protect,
                  | *Rage rN+ rCorr} (Okawaru gifted it to you on level 2 of
                  | the Depths)
 75069 | Depths:2 | Received a gift from Okawaru
 75526 | Depths:2 | Noticed a caustic shrike
 75532 | Depths:2 | Killed a caustic shrike
 75703 | Depths:2 | Identified the amulet "Same Qaa" {Faith +Inv rElec Str-2
                  | Dex+7}
 76691 | Depths:2 | Identified the amulet "Jahafo Vyagi" {Faith +Inv Regen+
                  | Dex+5 Stlth-}
 76948 | Depths:2 | Noticed a juggernaut
 76960 | Depths:2 | Killed a juggernaut
 77106 | Depths:2 | Identified the +0 scale mail of Quov {Str+3} (Okawaru
                  | gifted it to you on level 2 of the Depths)
 77106 | Depths:2 | Received a gift from Okawaru
 77989 | Depths:3 | Found a blossoming altar of Fedhas.
 78035 | Depths:3 | Identified the +0 scale mail of Qazlal's Inspiration {Str+6
                  | Int-5}
 78406 | Depths:3 | Found a shimmering blue altar of Sif Muna.
 78470 | Depths:3 | Identified the +5 scimitar of the Spinneret {vamp, rElec
                  | Will+ Int-4}
 78600 | Depths:3 | Found a corrupted altar of Lugonu.
 78600 | Depths:3 | Found a one-way gate to the infinite horrors of the Abyss.
 79001 | Depths:3 | Noticed a juggernaut
 79015 | Depths:3 | Killed a juggernaut
 79914 | Depths:4 | Entered Level 4 of the Depths
 79922 | Depths:4 | Noticed Boris
 79948 | Depths:3 | Killed Boris
 80483 | Depths:4 | Reached XP level 24. HP: 192/245 MP: 11/24
 80552 | Depths:4 | Reached skill level 27 in Long Blades
 80859 | Depths:4 | Found a runed translucent door.
 80864 | Depths:4 | Found a runed translucent door.
 80896 | Depths:4 | Found a runed translucent door.
 80896 | Depths:4 | Found a runed translucent door.
 80995 | Depths:4 | Found a gate to the Realm of Zot.
 81100 | Depths:4 | Found a runed translucent door.
 81107 | Depths:4 | Found a runed translucent door.
 81377 | Depths:4 | Noticed a juggernaut
 81384 | Depths:4 | Killed a juggernaut
 81485 | Depths:4 | Found a one-way gateway to a ziggurat.
 81737 | Depths:3 | Reached skill level 27 in Fighting
 82400 | Crypt:1  | Entered Level 1 of the Crypt
 82781 | Crypt:1  | Received a gift from Okawaru
 83349 | Crypt:1  | Reached skill level 27 in Armour
 83425 | Crypt:1  | Reached skill level 5 in Invocations
 83996 | Crypt:2  | Identified the +0 chain mail "Xogarapt" {Drain rC+ SInv
                  | Stlth+} (Okawaru gifted it to you on level 2 of the Crypt)
 83996 | Crypt:2  | Received a gift from Okawaru
 84542 | Crypt:2  | Noticed Boris
 84557 | Crypt:2  | Killed Boris
 84821 | Crypt:3  | Entered Level 3 of the Crypt
 84876 | Crypt:3  | Reached skill level 5 in Stealth
 84987 | Crypt:3  | Got the Reference Book on Feathers
 85252 | Crypt:3  | Found a basalt altar of Yredelemnul.
 85346 | Crypt:3  | Reached XP level 25. HP: 243/257 MP: 0/28
 85849 | Crypt:3  | Identified the ring of Egomania {rN+ rCorr Dex+2 Slay+3}
 85849 | Crypt:3  | Identified the ring of Fallacy {rN+ Will+ rCorr Int+2
                  | Dex-4}
 85849 | Crypt:3  | Identified the ring "Ohow" {*Corrode rF++ rN+ Str+6}
 85928 | Crypt:3  | Received a gift from Okawaru
 86039 | Crypt:3  | Found a staircase to the Tomb.
 86101 | Crypt:3  | Reached skill level 10 in Invocations
 86167 | Crypt:3  | Found the +5 scythe "Finisher" {speed, eviscerate}
 86186 | Crypt:3  | Identified the +3 chain mail of the Lair of Beasts {rCorr}
 86282 | Crypt:3  | Identified the +0 quarterstaff of Glory {freeze, *Rage
                  | +Blink rPois SInv}
 86296 | Crypt:3  | Reached skill level 10 in Stealth
 86937 | Slime:1  | Entered Level 1 of the Pits of Slime
 87017 | Slime:3  | Gained mutation: Your flesh is cold resistant. (rC+) [a
                  | shining eye]
 87020 | Slime:3  | Gained mutation: [You occasionally shout uncontrollably at
                  | your foes.] [a shining eye]
 87031 | Slime:3  | Gained mutation: [You are dopey. (Int -2)] [a shining eye]
 87182 | Slime:4  | Paralysed by a floating eye for 3 turns
 87195 | Slime:5  | Entered Level 5 of the Pits of Slime
 87392 | Slime:5  | Gained mutation: You passively dampen the noise of your
                  | surroundings. [a shining eye]
 87393 | Slime:5  | Gained mutation: You sometimes lose the ability to read
                  | scrolls when taking damage. [a shining eye]
 87674 | Slime:5  | Gained mutation: [You are weak. (Str -2)] [a shining eye]
 87758 | Slime:5  | Found a viscous altar of Jiyva.
 87758 | Slime:5  | Noticed the Royal Jelly
 87770 | Slime:5  | Killed the Royal Jelly
 87770 | Slime:5  | Received a gift from Okawaru
 87781 | Slime:5  | Paralysed by a floating eye for 4 turns
 88123 | Slime:5  | Paralysed by a floating eye for 4 turns
 88131 | Slime:5  | Paralysed by a floating eye for 2 turns
 88205 | Slime:5  | Identified the +4 halberd of Kuepsovo {elec, Fly}
 88243 | Slime:5  | Got a slimy rune of Zot
 88264 | Slime:5  | Identified the +4 flail of Roozar {freeze, Will+ Str+2}
 88266 | Slime:5  | Identified the +8 glaive "Norail" {freeze, Will+ Int+6}
 88275 | Slime:5  | Acquired 1014 gold pieces
 88277 | Slime:5  | Acquired the +8 orange crystal plate armour {Archmagi,
                  | Int+3 Clar}
 88277 | Slime:5  | Found the +8 orange crystal plate armour {Archmagi, Int+3
                  | Clar}
 88633 | Lair:3   | Lost mutation: You sometimes lose the ability to read
                  | scrolls when taking damage. [potion of mutation]
 88633 | Lair:3   | Lost mutation: [You occasionally shout uncontrollably at
                  | your foes.] [potion of mutation]
 88633 | Lair:3   | Lost mutation: [You are weak. (Str -2)] [potion of
                  | mutation]
 88633 | Lair:3   | Lost mutation: [You are dopey. (Int -2)] [potion of
                  | mutation]
 88633 | Lair:3   | Gained mutation: You expend magic power (3 MP) to
                  | strengthen your wands. [potion of mutation]
 88633 | Lair:3   | Gained mutation: You have a somewhat thin skeletal
                  | structure. (Dex +2, Stealth+) [potion of mutation]
 90288 | Vaults:1 | Killed Pijoxzebb's ghost
 90294 | Vaults:1 | Killed Bomoqippoa's ghost
 90306 | Vaults:1 | Killed Plog's ghost
 90728 | Hell     | Entered the Vestibule of Hell
 90728 | Hell     | Noticed Geryon
 90745 | Hell     | Killed Geryon
 90790 | Hell     | Received a gift from Okawaru
 91241 | Depths:3 | Voluntarily entered the Abyss.
 91241 | Abyss:1  | Found a corrupted altar of Lugonu.
 91286 | Abyss:3  | Got the Papyrus of the Snowflakes
 91317 | Abyss:3  | Reached skill level 5 in Evocations
 91445 | Abyss:3  | Gained mutation: You sometimes lose the ability to read
                  | scrolls when taking damage. [a neqoxec]
 91462 | Abyss:3  | Gained mutation: [You are weak. (Str -2)] [a neqoxec]
 91572 | Abyss:3  | Reached XP level 26. HP: 266/266 MP: 9/32
 91615 | Abyss:3  | Noticed a dread lich
 91646 | Abyss:3  | Killed from afar by a wretched star

Illustrated notes

Levels and vault maps discovered:
D:1:      heliophobic_arrival_glass_houses, layout_loops_cross,
          shapermc_ecumenical_altar_venn,
          nicolae_concentric_dashed_squares_wild, minmay_gold_behind_fungi,
          minmay_cut_off
D:2:      layout_basic, basic_altar, minivault_4, grunt_decor_one_mirror,
          minmay_misc_feat_hallway, minmay_misc_feat_secret_circle,
          palyth_stone_intersect, minmay_fractal_squares_5, uniq_robin,
          uniq_terence, uniq_crazy_yiuf_cottage
D:3:      layout_basic, evilmike_ruin_ashenzari, gammafunk_ghost_grave
D:4:      layout_cave_pools, jmf_multi_god_temple2
D:5:      layout_cave_pods, amcnicky_altar_gilded, mainiacjoe_overflow_catwalk,
          minmay_temple_entry_hall, moated_statue
D:6:      layout_basic
D:7:      layout_gridville, lightli_temple_of_fire
D:8:      layout_loops_cross, nicolae_two_hexagons, uniq_gastronok
D:9:      layout_basic, mainiacjoe_overflow_chevrons, minivault_16, uniq_erica
D:10:     layout_cave_pools, david_lair_shrubbed, serial_glass, glass_columns_c,
          glass_columns_a, feat_on_display, item_on_display_a,
          due_unseen_surprise, enter_bailey_2, chequers_decorated_corner,
          nicolae_shop_dragon_depot, minivault_1, nicolae_shop_self_help,
          uniq_josephine
D:11:     minmay_twisted_water, layout_basic, minmay_bent
D:12:     minmay_spotlight, layout_rooms, david_orc_3, uniq_urug
D:13:     layout_small_grid, ximxim_vaults_locker_room
D:14:     layout_stronghold, ebering_ghost_rock_garden, serial_shops,
          bzr_entry_dummy
D:15:     grunt_enter_depths_snipers, layout_irregular_city, chequers_avenue,
          minmay_joined_circles, uniq_nessos
Temple:   regret_index_temple_generic_petals
Lair:1:   layout_small_grid, uniq_nergalle
Lair:2:   layout_concentric_octagons, nicolae_spider_entry_non_spiders,
          basic_altar
Lair:3:   layout_gridlike, uniq_snorg
Lair:4:   layout_cave_pods, elwin_shoals_entry_rocks, basic_altar, st_stairs_7,
          infiniplex_staircase_pool_2
Lair:5:   layout_cave_pods, slime_altar_2, grunt_forest_small_clearing_treed
Lair:6:   evil_forest, layout_gridlike, gauntlet_entry_generic,
          grunt_megastairs_5
Shoals:1: layout_shoals, hellmonk_ghost_happy_afterlife
Shoals:2: layout_shoals, uniq_polyphemus
Shoals:3: layout_shoals
Shoals:4: shoals_end_hellmonk_lost_city, uniq_bai_suzhen
Spider:1: nicolae_spider_hilbert_zone_4 [nicolae_spider_hilbert_4_sides_2_open,
          nicolae_spider_hilbert_4_sides_1_open,
          nicolae_spider_hilbert_4_sides_1_open,
          nicolae_spider_hilbert_4_sides_1_open,
          nicolae_spider_hilbert_4_sides_1_open,
          nicolae_spider_hilbert_2_sides_1_open,
          nicolae_spider_hilbert_2_sides_1_open,
          nicolae_spider_hilbert_2_sides_1_open,
          nicolae_spider_hilbert_2_sides_1_open,
          nicolae_spider_hilbert_6_sides_1_open,
          nicolae_spider_hilbert_6_sides_1_open,
          nicolae_spider_hilbert_3_sides_1_open,
          nicolae_spider_hilbert_3_sides_1_open], drop_trap
Spider:2: layout_spider_delve, hangedman_stitches_earthworm,
          nicolae_spider_cling_halls, uniq_agnes, uniq_louise, uniq_jorgrun,
          uniq_roxanne
Spider:3: layout_spider_delve, gammafunk_ghost_tricky_traps
Spider:4: spider_rune_water
Slime:1:  layout_caves
Slime:2:  layout_caves
Slime:3:  layout_caves, basic_altar
Slime:4:  layout_caves
Slime:5
Orc:1:    nicolae_orc_accident_2, layout_caves, serial_shops, shop, shop
Orc:2:    pf_orc_diabolical, layout_diamond_mine
Elf:1:    minmay_elf_arrival_summoners, layout_onion_city, serial_shops,
          nicolae_shop_advertising_works [nicolae_subvault_shop_adworks],
          minmay_elf_sorcery
Elf:2:    elven_hall_of_blades_hangedman_original [nicolae_blade_lattice],
          layout_gridlike, minmay_shop_star
Elf:3:    elf_hall_gauntlet_wide, layout_loops_ring, serial_shops, shop,
          nicolae_elf_variegated_diamond
Vaults:1: gammafunk_ghost_cemetery, vaults_room_boxed, vaults_room_ringed_pool,
          kb_rosetta, grunt_vaults_funnel, v_pattern_2, layout_vaults_omnigrid,
          serial_shops, nicolae_shop_behind_doors
Vaults:2: gammafunk_ghost_wrathful_warriors, ontoclasm_vaults_spin,
          ontoclasm_vaults_chip, nicolae_vaults_little_squares_6,
          hangedman_vaults_locks, v_alt_pattern_2,
          nicolae_vaults_fighting_squares, v_alt_pattern_2, v_misc_19,
          v_rooms_1, v_alt_pattern_4, v_misc_24, layout_vaults_maze_bifur,
          minmay_crypt_entry_necro_gods, uniq_boris
Vaults:3: portal_desolation_entry_salt, nicolae_vaults_theta,
          vaults_standard_mumra_lines, nicolae_vaults_little_squares_3,
          grunt_vaults_diagonal, v_misc_11, hangedman_vaults_maws, v_misc_5,
          v_pattern_3, v_misc_30, nicolae_vaults_little_squares_3,
          ontoclasm_vaults_shuriken, vaults_room_semicircle, layout_vaults_ring,
          nicolae_trove_entry_path_of_doom
Vaults:4: v_misc_33, v_alt_pattern_4, v_misc_27, v_misc_13,
          hangedman_vaults_restitches, vaults_room_pool, ontoclasm_vaults_chip,
          hangedman_vaults_snaps, serial_ice_m, hangedman_vaults_restitches,
          vaults_room_pool, layout_vaults_omnicross, uniq_xtahua, uniq_donald,
          uniq_jory
Vaults:5
Crypt:1:  hangedman_screamer, layout_regular_city, corner_web_ring,
          grunt_crypt_arrival_webbed, grunt_megastairs_2
Crypt:2:  layout_gridlike, grunt_megastairs_3
Crypt:3:  grunt_crypt_end_deaths_head
Depths:1: layout_cave_pools, serial_shops, nicolae_inconvenience_store, shop,
          nicolae_shop_hallway_stairs, nicolae_shop_crystal,
          hellmonk_ghost_big_iron, hell_entry, minivault_11, pan_entry,
          statue_in_the_mist_lemuel, minmay_misc_feat_tiny,
          kennysheep_flooded_box, nicolae_kikubaaqudgha_miasma_corner,
          uniq_asterion, uniq_aizul
Depths:2: minmay_the_grid_net [minmay_the_grid_empty, minmay_the_grid_gridbox,
          minmay_the_grid_spikes, minmay_the_grid_holed_spiral,
          minmay_the_grid_outer_diamond, minmay_the_grid_prize_trominoes],
          layout_cave_shapes, minmay_crystal_water, grunt_hell_entry_dis_old,
          special_room [special_room_jelly], pan_entry, item_on_display_a
Depths:3: cheibrodos_hall_of_evolution, layout_cave_pools,
          fedhas_altar_fruit_tree, hell_entry, abyss_entry_flame_altar,
          nicolae_sif_muna_condensation, firewood_loft
Depths:4: evilmike_zot_entry_castle, layout_small_grid, enter_ziggurat_f,
          nicolae_twisting_strands, hell_entry, serial_bayou_shore_a
Hell
Abyss:3:  base: Spider:3, nicolae_abyss_rune_left_handed,
          nicolae_abyss_rune_star_stuff

Skill      XL: |  1  2  3  4  5  6  7  8  9 10 11 12 13 14 15 16 17 18 19 20 21 22 23 24 25 |
---------------+----------------------------------------------------------------------------+-----
Fighting       | 4 5 6 7 9 10 12 14 15 16 17 18 19 21 22 23 24 26 27 | 27.0
Armour         | 4 5 6 7 9 10 12 14 15 16 17 18 19 20 21 22 24 27 | 27.0
Long Blades    | 3 4 5 6 7 9 11 13 14 16 17 18 19 20 21 22 23 24 25 26 27 | 27.0
Shields        | 4 5 7 8 10 12 14 16 18 20 22 24 25 26 27 | 27.0
Dodging        | 1 2 3 |  3.4
Stealth        | 1 2 7 13 | 13.1
Evocations     | 1 2 5 |  5.7
Invocations    | 1 2 3 8 14 | 14.1

Action                   |  1- 3 |  4- 6 |  7- 9 | 10-12 | 13-15 | 16-18 | 19-21 | 22-24 | 25-27 || total
-------------------------+-------+-------+-------+-------+-------+-------+-------+-------+-------++-------
Melee: Long sword        |    69 |   145 |   353 |       |       |       |       |       |       ||   567
       Headbutt          |    12 |    33 |    75 |   115 |   307 |   347 |   532 |   581 |   255 ||  2257
       Scimitar          |       |       |    11 |   313 |    10 |       |       |       |       ||   334
       Double sword      |       |       |       |   210 |  1026 |  1171 |  1491 |  1601 |   653 ||  6152
Invok: Heroism           |       |       |     2 |     5 |     9 |     9 |     4 |     4 |     2 ||    35
       Finesse           |       |       |       |       |       |       |       |       |     1 ||     1
Evoke: Wand              |       |       |     7 |     1 |    14 |     1 |       |     3 |     7 ||    33
  Use: Potion            |       |       |     2 |     1 |     5 |     1 |     1 |     3 |     4 ||    17
       Scroll            |       |       |     2 |     8 |    18 |    16 |     9 |    16 |     6 ||    75
 Stab: Petrifying        |       |       |       |       |       |     1 |       |       |       ||     1
       Petrified         |       |       |       |       |       |     1 |       |       |       ||     1
       Paralysed         |       |       |       |       |       |       |       |       |     1 ||     1
Armor: Scale mail        |    24 |       |       |       |       |       |       |       |       ||    24
       Chain mail        |       |   103 |    88 |       |       |       |       |       |       ||   191
       Plate armour      |       |       |   121 |    86 |       |       |       |       |       ||   207
       Gold dragon scale |       |       |       |   204 |   649 |   670 |   771 |   729 |   254 ||  3277
       Crystal plate arm |       |       |       |       |       |       |       |       |    69 ||    69
Dodge: Dodged            |    32 |    63 |   145 |   153 |   262 |   259 |   454 |   424 |   151 ||  1943
Block: Buckler           |    22 |    36 |    77 |    69 |   192 |       |       |       |       ||   396
       Kite shield       |       |       |       |   175 |   127 |       |  1816 |  1895 |   793 ||  4806
       Tower shield      |       |       |       |       |   548 |  1581 |    43 |       |       ||  2172

Table legend: (Time is in decaauts)
 A = Elapsed time spent in this place.
 B = Non-inter-level travel time spent in this place.
 C = Inter-level travel time spent in this place.
 D = Time resting spent in this place.
 E = Time spent auto-exploring this place.
 F = Levels seen in this place.
 G = Mean time per level.
                   A        B        C        D        E       F      G
               +--------+--------+--------+--------+--------+-----+--------+
         Total |  90244 |  81591 |   8653 |  15998 |  45231 |  60 | 1504.1 |
       Dungeon |  20983 |  17948 |   3035 |   1011 |  13308 |  15 | 1398.9 |
        Temple |    124 |     87 |     37 |      0 |     79 |   1 |  124.0 |
          Lair |  12534 |   9852 |   2682 |    592 |   6056 |   6 | 2089.0 |
        Shoals |   8382 |   8266 |    116 |   3637 |   3079 |   4 | 2095.5 |
   Spider Nest |   5702 |   5376 |    326 |    820 |   3411 |   4 | 1425.5 |
    Slime Pits |   1521 |   1459 |     62 |    639 |    103 |   5 |  304.2 |
  Orcish Mines |   4275 |   3634 |    641 |    819 |   2072 |   2 | 2137.5 |
   Elven Halls |   7555 |   7317 |    238 |   2694 |   2956 |   3 | 2518.3 |
        Vaults |  14260 |  13309 |    951 |   2740 |   7998 |   5 | 2852.0 |
         Crypt |   4031 |   3901 |    130 |    462 |   2159 |   3 | 1343.7 |
        Depths |   8116 |   7687 |    429 |   1959 |   3759 |   4 | 2029.0 |
          Hell |    127 |    127 |      0 |      0 |      0 |   1 |  127.0 |
         Abyss |    368 |    368 |      0 |      0 |    107 |   3 |  122.7 |
        Bazaar |    114 |    114 |      0 |      0 |      2 |   1 |  114.0 |
        Bailey |    555 |    555 |      0 |    169 |      0 |   1 |  555.0 |
    Desolation |   1255 |   1255 |      0 |    455 |    125 |   1 | 1255.0 |
      Gauntlet |    334 |    334 |      0 |      0 |     16 |   1 |  334.0 |
               +--------+--------+--------+--------+--------+-----+--------+

Top non-repeatable levels by time:
Vaults:4: 4389 daAuts
   Elf:3: 4052 daAuts
  Lair:3: 3342 daAuts
Vaults:2: 3171 daAuts
Shoals:1: 3071 daAuts
Vaults:1: 2586 daAuts
Depths:2: 2539 daAuts
   Orc:2: 2514 daAuts
Shoals:2: 2444 daAuts
  Lair:1: 2375 daAuts
Vaults:5: 2220 daAuts
    D:10: 2064 daAuts
Depths:1: 1992 daAuts
Shoals:4: 1976 daAuts
Spider:4: 1967 daAuts
